 Dungeon Crawl Stone Soup version 0.31.0-11-ge490571c62 (webtiles) character file.

Game seed: 17301458719333546936

378 qw the Shooter (level 6, 0/30 HPs)
             Began as a Spriggan Hunter on Feb 3, 2024.
             Slain by an ogre
             ... wielding a +0 giant spiked club
              (18 damage)
             ... on level 4 of the Dungeon.
             The game lasted 00:00:55 (2757 turns).

qw the Shooter (Spriggan Hunter)                    Turns: 2757, Time: 00:00:55

Health: 0/30       AC:  2    Str:  7    XL:     6   Next: 45%
Magic:  7/7        EV: 21    Int: 10    God:
Gold:   192        SH:  0    Dex: 21    Spells: 5/5 levels left

rFire   . . .        a - +0 shortbow
rCold   . . .        (shield currently unavailable)
rNeg    . . .        c - +0 robe
rPois   .            (helmet restricted)
rElec   .            (no cloak)
rCorr   .            (gloves unavailable)
SInv    +            (boots unavailable)
Will    +....        b - amulet of regeneration
Stlth   ++           (no ring)
HPRegen 1.05/turn    (no ring)
MPRegen 0.10/turn

%: no passive effects
@: very quick
A: very small, no large weapons, unfitting armour, see invisible, speed 3
a: no special abilities


You were on level 4 of the Dungeon.
You visited 1 branch of the dungeon, and saw 4 of its levels.

You collected 192 gold pieces.


Innate Abilities, Weirdness & Mutations

You are very small and have problems with some larger weapons.
You are too small for most types of armour.
You have supernaturally acute eyesight. (SInv)
You cover ground extremely quickly. (Speed+++)


   Skills:
 - Level 2.0 Fighting
 + Level 6.5 Ranged Weapons
 - Level 6.0 Dodging
 - Level 1.5 Stealth


You had 5 spell levels left.
You didn't know any spells.
Your spell library was empty.

Inventory:

Hand Weapons
 a - a +0 shortbow (weapon)
Armour
 c - a +0 robe (worn)
Jewellery
 b - an amulet of regeneration (around neck)
Potions
 d - 2 potions of mutation {unknown}

Dungeon Overview and Level Annotations

Branches:
Dungeon (4/15)
 Temple: D:4-7

Altars:

Annotations:
D:3 1 runed translucent door, exclusion: moth of wrath, Crazy Yiuf, Natasha


Message History

The orc closely misses you. The ogre misses you.
You shoot an arrow. The arrow hits the phantom.
The phantom is severely damaged.
The orc misses you. The goblin closely misses you.
The phantom hits you but does no damage.
The orc barely misses you.
You shoot an arrow.
The arrow hits the phantom but does no damage.
The phantom is severely damaged.
The ogre completely misses you. The phantom hits you.
The orc hits you but does no damage.
The goblin hits you with a +2 dagger of holy wrath.
The orc misses you.
You shoot an arrow. The arrow closely misses the phantom.
The orc completely misses you. The phantom misses you.
The orc hits you from afar with a +0 spear.
The ogre misses you. The goblin barely misses you.
You shoot an arrow. The arrow hits the phantom.
The phantom is almost destroyed.
The orc misses you. The goblin barely misses you.
The phantom barely misses you. The orc misses you.
The ogre completely misses you.
You shoot an arrow. The arrow hits the phantom.
The phantom is almost destroyed.
The phantom hits you.
The phantom blinks!
You blink.
The goblin misses you. The orc misses you.
You shoot an arrow. The arrow hits the phantom!
You destroy the phantom!
The goblin barely misses you. The orc hits you with a +0 spear.
You shoot an arrow. The arrow hits the orc!
You kill the orc!
The orc hits you with a +0 club. The goblin completely misses you.
You shoot an arrow. The arrow hits the ogre.
The ogre is moderately wounded.
The orc misses you. The goblin completely misses you. The ogre misses you.
You shoot an arrow. The arrow hits the ogre.
The ogre is heavily wounded.
The orc barely misses you. The goblin barely misses you.
The ogre hits you with a +0 giant spiked club!!
Ouch! That really hurt!
You die...

#.....##..#
...
#.....###.#
...< #.....#
#.## #...
####### #..#
#..# ##.#
#...
#.######..#
#........##
####.Og>..#.#
#.@o...'.#
#.)....###
#......#
#......#
#......#
#......#
#......#
#......#


You could see an ogre, an orc and a goblin.

Vanquished Creatures
  A phantom (D:4)
  An orc priest (D:4)
  A jelly (D:4)
  Natasha (twice) (D:3)
  An orc wizard (D:4)
  6 adders
  2 dart slugs
  9 orcs
  4 ball pythons
  9 bats
  9 endoplasms
  7 giant cockroaches
  6 goblins
  5 hobgoblins
  9 jackals
  5 quokkas
  4 frilled lizards
  7 kobolds
  9 rats
97 creatures vanquished.

Notes
Turn   | Place    | Note
-------+----------+-------------------------------------------
     0 | D:1      | qw the Spriggan Hunter began the quest for the Orb.
     0 | D:1      | Reached XP level 1. HP: 10/10 MP: 2/2
     0 | D:1      | 0 ||| qw: Version: 0.3-a-155-g5e7d8dd
     0 | D:1      | 0 ||| qw: Game counter: 3122
     0 | D:1      | 0 ||| qw: Melee chars always use a shield: true
     0 | D:1      | 0 ||| qw: God list: Okawaru
     0 | D:1      | 0 ||| qw: Allow faded altars: false
     0 | D:1      | 0 ||| qw: Do Orc after clearing Dungeon:15 true
     0 | D:1      | 0 ||| qw: Do second Lair branch before Depths: true
     0 | D:1      | 0 ||| qw: Lair rune preference: random
     0 | D:1      | 0 ||| qw: Goals: Normal
     0 | D:1      | 0 ||| PLANNING D:1-11
    20 | D:1      | Reached skill level 3 in Dodging
   132 | D:1      | Reached XP level 2. HP: 14/14 MP: 3/3
   369 | D:1      | Reached XP level 3. HP: 18/18 MP: 4/4
   548 | D:1      | 548 ||| DROPPING amulet of magic regeneration.
   549 | D:1      | 549 ||| READING scroll labelled YWONOTI GUKH.
   549 | D:1      | 549 ||| IDENTIFYING 2 lumpy grey potions
   550 | D:1      | 550 ||| DROPPING scroll of butterflies.
   564 | D:2      | 564 ||| STAIRDANCE
   678 | D:2      | HP: 3/18 [adder (3)]
   679 | D:2      | 679 ||| DRINKING 2 potions of heal wounds.
   900 | D:2      | Reached XP level 4. HP: 22/22 MP: 5/5
  1553 | D:2      | 1553 ||| READING scroll of identify.
  1553 | D:2      | 1553 ||| IDENTIFYING glowing emerald potion
  1554 | D:2      | 1554 ||| READING scroll labelled JUQINY CYMACO.
  1558 | D:2      | 1558 ||| DROPPING potion of magic.
  1653 | D:3      | Noticed Natasha
  1659 | D:3      | HP: 5/22 [cerulean imp/+1 spear[Natasha] (5)]
  1660 | D:3      | 1660 ||| DRINKING potion of heal wounds.
  1667 | D:3      | Killed Natasha
  1979 | D:3      | Reached XP level 5. HP: 24/26 MP: 6/6
  2058 | D:3      | Noticed a moth of wrath
  2082 | D:3      | Noticed Natasha
  2087 | D:3      | Killed Natasha
  2088 | D:3      | 2088 ||| FLEEEEING.
  2089 | D:3      | 2089 ||| FLEEEEING.
  2090 | D:3      | 2090 ||| FLEEEEING.
  2091 | D:3      | 2091 ||| FLEEEEING.
  2092 | D:3      | 2092 ||| FLEEEEING.
  2093 | D:3      | 2093 ||| FLEEEEING.
  2094 | D:3      | 2094 ||| FLEEEEING.
  2095 | D:3      | 2095 ||| FLEEEEING.
  2100 | D:3      | 2100 ||| FLEEEEING.
  2101 | D:3      | 2101 ||| FLEEEEING.
  2102 | D:3      | 2102 ||| FLEEEEING.
  2103 | D:3      | 2103 ||| FLEEEEING.
  2104 | D:3      | 2104 ||| FLEEEEING.
  2105 | D:3      | 2105 ||| FLEEEEING.
  2106 | D:3      | 2106 ||| FLEEEEING.
  2107 | D:3      | 2107 ||| FLEEEEING.
  2111 | D:3      | 2111 ||| FLEEEEING.
  2112 | D:3      | 2112 ||| FLEEEEING.
  2113 | D:3      | 2113 ||| FLEEEEING.
  2114 | D:3      | 2114 ||| FLEEEEING.
  2115 | D:3      | 2115 ||| FLEEEEING.
  2119 | D:3      | 2119 ||| FLEEEEING.
  2120 | D:3      | 2120 ||| FLEEEEING.
  2121 | D:3      | 2121 ||| FLEEEEING.
  2124 | D:3      | 2124 ||| FLEEEEING.
  2125 | D:3      | 2125 ||| FLEEEEING.
  2262 | D:3      | Found a runed translucent door.
  2262 | D:3      | Noticed Natasha
  2263 | D:3      | Noticed Crazy Yiuf
  2479 | D:3      | 2479 ||| UPGRADING to amulet of regeneration.
  2580 | D:4      | HP: 5/26 [orc priest/nerve-wracking pain (14)]
  2582 | D:4      | Reached skill level 6 in Ranged Weapons
  2677 | D:4      | Reached XP level 6. HP: 30/30 MP: 7/7
  2722 | D:4      | Reached skill level 6 in Dodging
  2757 | D:4      | Slain by an ogre

Levels and vault maps discovered:
D:1:      tarquinn_simple_flora_water_f, layout_basic
D:2:      layout_loops_corners, minmay_worlds_worst_comb
D:3:      layout_loops_ring, tgw_trog, uniq_natasha, uniq_crazy_yiuf_cottage
D:4:      old_forge, layout_basic

Skill      XL: |  1  2  3  4  5  6 |
---------------+-------------------+-----
Dodging        | 3 4 5 6 |  6.0
Ranged Weapons | 5 6 |  6.5
Fighting       | 2 |  2.0
Stealth        | |  1.5

Action                     |  1- 3 |  4- 6 || total
---------------------------+-------+-------++-------
   Fire: Shortbow          |   113 |   193 ||   306
    Use: Scroll            |     1 |     2 ||     3
         Potion            |     1 |     1 ||     2
 Armour: Robe              |     9 |    39 ||    48
  Dodge: Dodged            |    54 |   136 ||   190

Table legend:
 A = Non-vault XP
 B = Vault XP
 C = Vault XP percentage of total XP
 D = Non-vault monster count
 E = Vault monster count
 F = Vault count percentage of total count
                 A         B        C        D         E       F
            +---------+---------+-------+---------+---------+-------
      Total |     498 |      43 |   7.9 |      93 |       4 |   4.1
            +---------+---------+-------+---------+---------+-------
        D:1 |      55 |       0 |   0.0 |      31 |       0 |   0.0
        D:2 |      71 |       6 |   7.8 |      20 |       3 |  13.0
        D:3 |      75 |      37 |  33.0 |      23 |       1 |   4.2
        D:4 |     297 |       0 |   0.0 |      19 |       0 |   0.0
            +---------+---------+-------+---------+---------+-------
